Map: Proxima Station LE

Players

Cham - Winner!

  • Race: Zerg Zerg
  • Spawn Location: 7:00

Namshar

  • Race: Zerg Zerg
  • Spawn Location: 1:00

Event: WCS Austin 2017

VOD

Have the link to the VOD?

Description

Time

  • Played on: April 28, 2017, 8:23 p.m.
  • Length: 5:11

All games in this series

Show
View Real Time Build Order
Export as new Build Order

Cham Zerg - Winner!

Build Orders: Hatch First, Roach Nydus 

Get SALT Encoding   

  12  0:00  Drone  
  13  0:08  Drone  
  14  0:17  Overlord  
  14  0:35  Drone x3  
  17  0:52  Hatchery  
  17  0:55  Drone  
  17  0:58  Drone  
  17  1:00  Extractor  
  17  1:13  Spawning Pool  
  17  1:17  Drone  
  17  1:21  Drone  
  18  1:29  Drone  
  19  1:41  Overlord  
  19  1:51  Drone  
  20  2:00  Queen  
  22  2:01  Zergling x2  
  22  2:03  Queen  
  22  2:04  Drone  
  26  2:13  Drone  
  26  2:15  Drone  
  28  2:24  Drone  
  28  2:26  Drone  
  30  2:34  Drone  
  30  2:36  Lair  
  31  2:37  Roach Warren  
  31  2:38  Drone  
  31  2:43  Evolution Chamber  
  30  2:48  Drone x2  
  30  2:50  Extractor  
  31  2:56  Drone  
  32  3:02  Drone  
  32  3:03  Queen  
  35  3:08  Drone  
  35  3:09  Overlord  
  36  3:19  Overlord  
  36  3:28  Drone x2  
  36  3:29  Overlord  
  36  3:31  Roach  
  40  3:35  Nydus Network  
  40  3:38  Roach  
  41  3:44  Queen  
  41  3:48  Roach  
  44  3:52  Roach  
  44  3:55  Roach  
  48  3:58  Roach  
  50  4:04  Queen  
  50  4:09  Roach  
  54  4:12  Nydus Canal  
  54  4:18  Roach  
  54  4:21  Overlord  
  54  4:23  Roach  
  58  4:26  Roach  
  60  4:46  Roach x2  
Show
View Real Time Build Order
Export as new Build Order

Namshar Zerg 

Build Orders: Hatch First 

Get SALT Encoding   

  12  0:01  Drone  
  13  0:12  Overlord  
  13  0:17  Drone  
  14  0:30  Drone  
  14  0:31  Drone  
  14  0:34  Drone  
  17  0:53  Hatchery  
  17  0:54  Drone  
  17  0:58  Drone  
  18  1:08  Extractor  
  17  1:13  Spawning Pool  
  17  1:16  Drone  
  17  1:19  Drone  
  18  1:28  Drone  
  19  1:38  Overlord  
  19  1:49  Drone  
  20  1:59  Queen  
  20  2:00  Zergling x2  
  23  2:04  Queen  
  23  2:05  Drone  
  26  2:11  Drone  
  27  2:16  Drone  
  27  2:21  Drone  
  29  2:26  Drone  
  30  2:32  Drone  
  32  2:37  Drone  
  32  2:42  Hatchery  
  31  2:48  Drone  
  31  2:51  Spine Crawler  
  31  2:53  Drone  
  31  2:54  Overlord  
  31  3:08  Drone x5  
  36  3:13  Overlord  
  36  3:15  Queen  
  36  3:19  Drone x2  
  40  3:25  Drone  
  40  3:26  Drone  
  42  3:31  Overlord  
  42  3:33  Drone  
  43  3:38  Roach Warren, Evolution Chamber  
  41  3:43  Drone x3  
  41  3:44  Drone x2  
  46  3:53  Zergling x2  
  46  3:55  Overlord  
  47  3:57  Drone x4  
  51  4:05  Extractor x2  
  51  4:09  Drone x2  
  52  4:10  Drone  
  52  4:18  Drone  
  52  4:19  Drone x3  
  56  4:28  Roach  
  56  4:29  Roach x4  
  66  4:33  Roach  
  66  4:37  Roach  
  67  4:39  Roach x3  
  67  4:42  Extractor  
  67  4:43  Extractor  
  72  4:45  Roach  
  72  4:46  Roach  
  72  4:48  Overlord  
Tags
 
Add a new tag
Caveats
  • Supply blocks, unpowered buildings, or Contaminate may cause inaccurate times.
  • Supply counts are checked every 10 seconds.